 Dungeon Crawl Stone Soup version 0.19-a0-996-g3cba913 (webtiles) character file.

905 Psiweapon the Cutter (level 8, -5/75 HPs)
             Began as a Kobold Berserker on July 17, 2016.
             Was a Priest of Trog.
             Slain by Menkaure (17 damage)
             ... on level 5 of the Dungeon.
             The game lasted 00:26:47 (4847 turns).

Psiweapon the Cutter (Kobold Berserker)             Turns: 4847, Time: 00:26:47

Health: -5/75      AC:  7    Str: 20    XL:     8   Next: 29%
Magic:  8/8        EV: 17    Int:  5    God:    Trog [***...]
Gold:   279        SH:  3    Dex: 18    Spells: 0 memorised, 7 levels left

rFire  . . .     SeeInvis .     H - +0 rapier
rCold  . . .     Gourm    .     B - +0 ring mail
rNeg   + . .     Faith    .     (shield restricted)
rPois  .         Spirit   .     E - +0 helmet
rElec  .         Dismiss  .     (no cloak)
rCorr  .         Reflect  +     d - +0 pair of gloves
SustAt +         Harm     .     (no boots)
MR     ++...                    w - +3 amulet of reflection
Stlth  ..........               l - ring of positive energy
                                j - ring of sustain attributes

@: berserking, regenerating, very quick, very resistant to hostile enchantments,
extremely unstealthy
A: carnivore 3
a: Berserk, Trog's Hand, Burn Spellbooks, Renounce Religion


You were on level 5 of the Dungeon.
You worshipped Trog.
Trog was most pleased with you.
You were very full.

You visited 1 branch of the dungeon, and saw 6 of its levels.

You collected 279 gold pieces.

Inventory:

Hand Weapons
 a - a +0 short sword
 b - a +0 hunting sling
 i - a +0 falchion
 H - a +0 rapier (weapon)
Missiles
 e - 214 stones
 k - 11 sling bullets
 o - 38 bolts
 r - 12 tomahawks (quivered)
Armour
 d - a +0 pair of gloves (worn)
 q - a +0 scale mail
 B - a +0 ring mail (worn)
 E - a +0 helmet (worn)
Jewellery
 j - a ring of sustain attributes (left hand)
 l - a ring of positive energy (right hand)
 m - an uncursed ring of ice
 v - an uncursed ring of positive energy
 w - a +3 amulet of reflection (around neck)
Wands
 n - a wand of acid (6/15)
Scrolls
 f - 2 scrolls of identify
 p - a scroll of noise {unknown}
 t - a scroll of immolation {unknown}
 x - a scroll of recharging {unknown}
 y - 2 scrolls of remove curse {unknown}
 z - a scroll of fog {unknown}
 F - 2 scrolls of enchant weapon {unknown}
 N - a scroll of fear {unknown}
Potions
 g - a potion of might {unknown}
 h - a potion of lignification
 s - a potion of brilliance {unknown}
 A - 2 potions of curing {unknown}
 C - a potion of magic {unknown}
 D - a potion of beneficial mutation {unknown}
 G - a potion of resistance {unknown}
 I - a potion of heal wounds {unknown}
 J - a potion of cure mutation {unknown}
 L - a potion of experience {unknown}
Comestibles
 c - 3 meat rations
 u - 6 chunks of flesh
 K - a slice of pizza


   Skills:
 + Level 5.5 Fighting
 + Level 7.2 Short Blades
 + Level 2.5 Armour
 - Level 5.0 Dodging
 + Level 6.4 Stealth


You had 7 spell levels left.
You didn't know any spells.

Dungeon Overview and Level Annotations

Branches:
Dungeon (6/15)
 Temple: D:4-7

Altars:
Sif Muna

Annotations:
D:1 exclusion: downstairs
D:4 exclusions: downstairs and 1 more exclusion
D:5 Grinder, Menkaure


Innate Abilities, Weirdness & Mutations

You are small and have problems with some larger weapons.
You are carnivorous and can eat meat at any time.


Message History

Firing (i - inventory. (,) - cycle):
k - 12 sling bullets (quivered)
Press: ? - help, Shift-Dir - straight line, f/p - Menkaure
Aim: Menkaure (heavily damaged)
You shoot a sling bullet.
The sling bullet closely misses Menkaure.
Wield which item (- for none, * to show all)? (? for menu, Esc to quit)
H - a +0 rapier (weapon)
Menkaure hits you!
* * * LOW HITPOINT WARNING * * *
A red film seems to cover your vision as you go berserk!
You feel yourself moving faster!
You feel mighty!
You hit Menkaure.
Menkaure is severely damaged.
Menkaure closely misses you.
You barely miss Menkaure.
Menkaure is severely damaged.
You hit Menkaure.
Menkaure is almost destroyed.
Menkaure hits you!
You die...

....
##.##.........#..>..
.^..
#.###..................
.#
#..........##.#########
.... #####...........
.###
####.#...#####.####.
.o.o ......>.........(
.### ########..####..
.# ##......##.# .#
#.....@....# ##
#.....M.......#
#....(......#.#
#...(......## #
#..(.......#
#)(........#
##..........
............


You could see Menkaure.

Vanquished Creatures
  Sigmund (D:2)
  An ice beast (D:5)
  An ogre (D:4)
  A scorpion (D:4)
  A centaur zombie (D:5)
  4 orc priests
  Jessica (D:2)
  An iguana (D:4)
  An orc wizard (D:4)
  Ijyb (D:2)
  2 worker ants (D:4)
  A hound skeleton (D:4)
  Robin (D:3)
  5 adders
  2 oozes
  2 adder skeletons (D:4)
  5 worms
  3 dart slugs
  8 orcs
  10 bats
  5 giant cockroaches
  13 goblins
  15 hobgoblins
  17 jackals
  6 kobolds
  A quokka (D:4)
  2 ball pythons
  4 giant newts
  9 rats
124 creatures vanquished.

Notes
Turn   | Place    | Note
-------+----------+-------------------------------------------
     0 | D:1      | Psiweapon the Kobold Berserker began the quest for the Orb.
     0 | D:1      | Reached XP level 1. HP: 14/14 MP: 1/1
   103 | D:1      | Reached skill level 1 in Stealth
   114 | D:1      | Reached XP level 2. HP: 19/19 MP: 2/2
   566 | D:1      | Reached XP level 3. HP: 23/23 MP: 3/3
   612 | D:1      | Reached ** piety under Trog
  1123 | D:1      | Reached XP level 4. HP: 27/28 MP: 4/4
  1270 | D:2      | Noticed Jessica
  1273 | D:2      | Killed Jessica
  1381 | D:2      | Found a faded altar of an unknown god.
  1392 | D:2      | Reached skill level 5 in Short Blades
  1443 | D:2      | Reached XP level 5. HP: 33/33 MP: 5/5
  1515 | D:2      | Reached *** piety under Trog
  1829 | D:2      | Noticed Sigmund
  1850 | D:2      | Killed Sigmund
  1850 | D:2      | Reached XP level 6. HP: 39/39 MP: 6/6
  2036 | D:2      | Noticed Ijyb
  2068 | D:2      | Killed Ijyb
  2466 | D:3      | Noticed Robin
  2485 | D:3      | Killed Robin
  2719 | D:4      | Reached skill level 6 in Short Blades
  2719 | D:4      | Reached XP level 7. HP: 44/44 MP: 7/7
  2840 | D:4      | Reached skill level 5 in Stealth
  2855 | D:4      | Reached skill level 5 in Dodging
  3043 | D:5      | Entered Level 5 of the Dungeon
  3635 | D:4      | Reached skill level 5 in Fighting
  3978 | D:5      | Noticed Grinder
  4739 | D:4      | Reached skill level 7 in Short Blades
  4739 | D:4      | Reached XP level 8. HP: 46/49 MP: 8/8
  4803 | D:5      | Reached **** piety under Trog
  4804 | D:5      | Found a deep blue altar of Sif Muna.
  4833 | D:5      | Noticed Menkaure
  4847 | D:5      | Slain by Menkaure

Vault maps used:
D:1:      wheals_arrival_shading, minmay_crystal_room, minmay_pentomino_w4
D:2:      ecumenical_altar_1, kennysheep_generic_room_4, uniq_iyjb,
          uniq_sigmund, uniq_jessica
D:3:      first_bread, uniq_robin
D:5:      nicolae_overflow_crystal_walls, serial_shops, shop, eino_tiny_chamber,
          serial_park_tiny_1, uniq_menkaure, uniq_grinder
D:6:      grunt_gozag_breadcrumbs

Skill      XL: |  1  2  3  4  5  6  7 |
---------------+----------------------+-----
Stealth        | 1 2 3 4 6 |  6.4
Dodging        | 3 4 5 |  5.0
Short Blades   | 5 6 7 |  7.2
Fighting       | 4 5 |  5.5
Armour         | 2 |  2.5

Action                   |  1- 3 |  4- 6 |  7- 9 || total
-------------------------+-------+-------+-------++-------
Melee: Short sword       |    62 |   198 |   224 ||   484
       Rapier            |       |       |    11 ||    11
 Fire: Hunting sling     |    31 |    54 |     6 ||    91
Throw: Tomahawk          |       |     2 |     4 ||     6
Invok: Trog's Hand       |       |     2 |     4 ||     6
       Berserk           |       |     1 |     3 ||     4
  Use: Scroll            |       |     2 |       ||     2
       Potion            |       |       |     1 ||     1
 Stab: Sleeping          |     4 |     7 |     5 ||    16
  Eat: Chunk             |     9 |     5 |    12 ||    26
Armor: Animal skin       |    18 |     5 |       ||    23
       Robe              |       |    16 |     8 ||    24
       Skin              |       |       |    20 ||    20
       Ring mail         |       |       |    19 ||    19
Dodge: Dodged            |    47 |   128 |   180 ||   355
Block: Other             |       |    11 |    17 ||    28
